Map: Ulrena

Players

Hobbit

  • Race: Zerg Zerg
  • League: Bronze

laxative - Winner!

  • Race: Protoss Protoss
  • League: Silver

VOD

Have the link to the VOD?

Description

Time

  • Played on: May 24, 2016, 9:30 p.m.
  • Length: 7:24
Show
View Real Time Build Order
Export as new Build Order

Hobbit Zerg 

Build Orders: Pool Only, Roach Nydus 

Get SALT Encoding   

  12  0:02  Drone  
  13  0:12  Drone  
  14  0:26  Spawning Pool  
  13  0:30  Drone  
  14  0:36  Extractor  
  14  0:38  Drone  
  14  0:51  Overlord  
  14  1:13  Queen  
  14  1:15  Zergling x2  
  14  1:16  Zergling x4  
  18  2:09  Zergling x2  
  18  2:10  Zergling x4  
  18  2:12  Metabolic Boost  
  21  2:23  Spine Crawler  
  19  2:38  Zergling x4  
  19  2:41  Overlord  
  21  2:52  Lair  
  21  2:56  Roach Warren  
  20  3:00  Drone x3  
  23  3:12  Drone x3  
  26  3:32  Extractor  
  25  3:35  Drone x2  
  27  3:44  Overlord, Roach  
  27  3:45  Overlord  
  29  4:15  Nydus Network  
  29  4:16  Roach  
  34  4:17  Roach x2  
  34  4:23  Roach  
  36  4:27  Drone  
  36  4:47  Queen  
  36  4:49  Drone x2  
  40  4:54  Drone  
  41  5:02  Roach  
  41  5:05  Roach  
  45  5:43  Overlord x2  
  45  6:00  Nydus Canal  
  45  6:34  Overlord  
  45  6:36  Roach x4  
  45  6:37  Overlord  
  53  6:54  Nydus Canal  
Show
View Real Time Build Order
Export as new Build Order

laxative Protoss - Winner!

Build Orders:  

Get SALT Encoding   

  12  0:01  Probe (Chrono Boost)  
  13  0:12  Probe (Chrono Boost)  
  14  0:21  Pylon  
  14  0:24  Probe (Chrono Boost)  
  15  0:40  Forge  
  15  0:43  Probe (Chrono Boost)  
  16  0:53  Pylon  
  16  1:14  Gateway  
  16  1:18  Photon Cannon  
  16  1:32  Gateway  
  16  1:44  Pylon  
  16  1:50  Pylon  
  15  2:04  Pylon  
  16  2:15  Probe (Chrono Boost)  
  16  2:19  Assimilator  
  16  2:26  Probe (Chrono Boost)  
  17  2:30  Photon Cannon  
  17  2:36  Probe (Chrono Boost)  
  18  2:37  Zealot (Chrono Boost)  
  20  2:48  Probe  
  21  2:57  Photon Cannon  
  21  3:00  Probe  
  22  3:06  Photon Cannon  
  22  3:11  Assimilator  
  22  3:12  Probe  
  23  3:19  Cybernetics Core  
  23  3:21  Photon Cannon  
  23  3:24  Probe  
  24  3:29  Zealot (Chrono Boost)  
  26  4:05  Stargate  
  26  4:06  Photon Cannon  
  26  4:09  Pylon  
  26  4:10  Photon Cannon  
  26  4:13  Photon Cannon  
  26  4:20  Zealot (Chrono Boost)  
  24  4:47  Adept (Chrono Boost)  
  24  4:50  Void Ray (Chrono Boost)  
  30  4:54  Probe  
  31  5:16  Fleet Beacon  
  29  6:00  Tempest (Chrono Boost)  
  33  6:37  Tempest (Chrono Boost)  
Tags
 
Matchup
PvZ
Opening
Pool Only
Strategy
Roach Nydus
Add a new tag
Caveats
  • Supply blocks, unpowered buildings, or Contaminate may cause inaccurate times.
  • Supply counts are checked every 10 seconds.